 Dungeon Crawl Stone Soup version 0.30-a0-782-ge64f9170bb (webtiles) character file.

Game seed: 14619816989329192431

109 Dirtsage the Chopper (level 4, -6/35 HPs)
             Began as a Demonspawn Fighter on Mar 9, 2023.
             Mangled by Terence
             ... wielding a +0 flail
              (7 damage)
             ... on level 2 of the Dungeon.
             The game lasted 00:02:10 (1906 turns).

Dirtsage the Chopper (Demonspawn Fighter)           Turns: 1906, Time: 00:02:11

Health: -6/35      AC:  6    Str: 18    XL:     4   Next: 60%
Magic:  4/4        EV:  9    Int:  9    God:
Gold:   121        SH:  4    Dex: 13    Spells: 3/3 levels left

rFire   . . .      SeeInvis .    a - +0 war axe
rCold   . . .      Faith    .    c - +0 buckler
rNeg    . . .      Spirit   .    b - +0 scale mail
rPois   .          Reflect  .    (helmet restricted)
rElec   .          Harm     .    (no cloak)
rCorr   .          Rampage  .    (no gloves)
Will    .....                    (no boots) Stlth
                                 (no amulet)
HPRegen 0.25/turn                (no ring)
MPRegen 0.09/turn                (no ring)

@: no status effects
A: horns 1
a: no special abilities


You were on level 2 of the Dungeon.
You visited 1 branch of the dungeon, and saw 2 of its levels.

You collected 121 gold pieces.

Inventory:

Hand Weapons
 a - a +0 war axe (weapon)
Armour
 b - a +0 scale mail (worn)
 c - a +0 buckler (worn)
 g - a +0 cloak
Scrolls
 f - 2 scrolls of identify {unknown}
 h - 2 scrolls of magic mapping {unknown}
 i - a scroll of enchant weapon {unknown}
Potions
 d - 3 potions of might
 e - a potion of curing {unknown}


   Skills:
 - Level 3.0 Fighting
 + Level 4.4 Axes
 - Level 2.6 Armour
 - Level 2.6 Shields


You had 3 spell levels left.
You didn't know any spells.
Your spell library was empty.

Dungeon Overview and Level Annotations

Branches:
Dungeon (2/15)

Altars:
Sif Muna

Annotations:
D:2 Terence


Innate Abilities, Weirdness & Mutations

You have a pair of small horns on your head.


Message History

Found an escape hatch in the floor.
Terence the Incautious comes into view.
He is wielding a +0 flail and wearing a +3 chain mail of positive energy.
Terence shouts!
You hit Terence. You headbutt Terence.
Terence is moderately wounded.
Terence completely misses you.
You barely miss Terence. You headbutt Terence.
Terence is moderately wounded.
Terence hits you with a +0 flail. Terence hits you but does no damage.
You take 3 damage, and have 32/35 hp.
You barely miss Terence.
Terence is moderately wounded.
Terence hits you with a +0 flail!
You take 7 damage, and have 25/35 hp.
You barely miss Terence.
Terence is moderately wounded.
Terence hits you with a +0 flail.
You take 2 damage, and have 23/35 hp.
You barely miss Terence. You headbutt Terence, but do no damage.
Terence is moderately wounded.
Terence closely misses you.
You hit Terence but do no damage.
Terence is moderately wounded.
Terence hits you with a +0 flail! x2
* * * LOW HITPOINT WARNING * * *
You take 16 damage, and have 8/35 hp.
MASSIVE DAMAGE!!
You hit Terence.
Terence is moderately wounded.
Terence hits you with a +0 flail.
* * * LOW HITPOINT WARNING * * *
You take 6 damage, and have 2/35 hp.
You hit Terence.
Terence is heavily wounded.
Terence hits you with a +0 flail.
* * * LOW HITPOINT WARNING * * *
You take 1 damage, and have 1/35 hp.
You hit Terence. Your headbutt misses Terence.
Terence is severely wounded.
Terence barely misses you. Terence hits you with a +0 flail!
You die...

##.###.###
######........#
..........#.#.####
###.#...##......#
##.#####.##.# #.#
#>##.####
#.#####.#.....#
##.......#.....###
#@..######.._.....
#@....# #......#.
#.......# #.....##.
####
..........####.......
....
...........+.......###
####
#............####...##
#####.......## ##..#
##.....## ##.# ## #.#
#.#


You could see Terence.

Vanquished Creatures
  Natasha (D:2)
  2 adders (D:2)
  2 worms (D:2)
  2 dart slugs
  9 bats
  4 endoplasms
  3 giant cockroaches
  6 goblins
  6 hobgoblins
  4 jackals (D:1)
  2 quokkas (D:1)
  5 ball pythons (D:1)
  A frilled lizard (D:1)
  6 rats
53 creatures vanquished.

Notes
Turn   | Place    | Note
-------+----------+-------------------------------------------
     0 | D:1      | Dirtsage the Demonspawn Fighter began the quest for the
                  | Orb.
     0 | D:1      | Reached XP level 1. HP: 18/18 MP: 1/1
    13 | D:1      | Reached skill level 2 in Axes
   120 | D:1      | Gained mutation: You have a pair of small horns on your
                  | head. [demonic ancestry]
   120 | D:1      | Reached XP level 2. HP: 24/24 MP: 2/2
   328 | D:1      | Reached skill level 3 in Axes
   459 | D:1      | Reached XP level 3. HP: 29/29 MP: 3/3
  1642 | D:2      | Noticed Natasha
  1646 | D:2      | Reached XP level 4. HP: 27/35 MP: 4/4
  1653 | D:2      | Killed Natasha
  1654 | D:2      | Reached skill level 4 in Axes
  1866 | D:2      | Found a shimmering blue altar of Sif Muna.
  1894 | D:2      | Noticed Terence
  1905 | D:2      | HP: 1/35 [Terence/+0 flail (2)]
  1906 | D:2      | Mangled by Terence

Illustrated notes

Levels and vault maps discovered:
D:1:      wheals_arrival_linesprint, layout_basic, minmay_misc_feat_rows,
          minmay_quantized
D:2:      layout_loops_corners, hellmonk_ecumenical_altar_watching_god,
          basic_altar, minmay_fractal_squares_5, uniq_natasha, uniq_terence

Skill      XL: |  1  2  3  4 |
---------------+-------------+-----
Axes           | 2 3 4 |  4.4
Fighting       | |  3.0
Armour         | |  2.6
Shields        | |  2.6

Action                     |  1- 3 |  4- 6 || total
---------------------------+-------+-------++-------
  Melee: War axe           |   117 |    40 ||   157
         Headbutt          |    14 |     8 ||    22
 Armour: Scale mail        |    72 |    23 ||    95
  Dodge: Dodged            |    60 |    21 ||    81
  Block: Buckler           |    47 |     5 ||    52

Table legend: (Time is in decaauts)
 A = Elapsed time spent in this place.
 B = Non-inter-level travel time spent in this place.
 C = Inter-level travel time spent in this place.
 D = Time resting spent in this place.
 E = Time spent auto-exploring this place.
 F = Levels seen in this place.
 G = Mean time per level.
                   A        B        C        D        E       F      G
               +--------+--------+--------+--------+--------+-----+--------+
         Total |   1965 |   1947 |     18 |      0 |   1610 |   2 |  982.5 |
       Dungeon |   1965 |   1947 |     18 |      0 |   1610 |   2 |  982.5 |
               +--------+--------+--------+--------+--------+-----+--------+

Top non-repeatable levels by time:
     D:1: 1209 daAuts
     D:2: 756 daAuts
